[Event "Israeli Team-ch 2023"]
[Site "Petah Tikva"]
[Date "2023.05.12"]
[Round "11.23"]
[White "Deutsch, Eyal"]
[Black "Linker, Mikhail"]
[Result "1/2-1/2"]
[ECO "D00"]
[WhiteElo "2297"]
[BlackElo "2297"]
[Annotator "TA"]
[PlyCount "107"]
[EventDate "2023.01.13"]
[EventCountry "ISR"]
[SourceTitle "playchess.com"]
[Source "ChessBase"]
[SourceQuality "1"]
[TimeControl "40/5400+30:1800+30"]

1. d4 Nf6 2. Nc3 d5 3. Bf4 Bf5 4. Nb5 Na6 5. e3 c6 6. Nc3 {[%emt 0:00:05] D00: 1 d4 d5: Unusual lines.} Nc7 (6... Qb6 $5 ) 7. Nf3 e6 8. a3 Be7 {[%emt 0:00:37] [#]} 9. Bd3 $146 ({Predecessor:} 9. Be2 h6 10. O-O O-O 11. b4 Nce8 12. Na4 Nd6 13. Nc5 b6 14. Nd3 Nfe4 15. Nde5 {0-1 Alvarez Vega,W-Foronda,E (1533) BOL-ch Seniors 2023 (7)}) 9... O-O 10. O-O Nce8 11. Ne5 Rc8 12. Ne2 Nd6 13. Ng3 Bxd3 14. cxd3 c5 15. dxc5 Rxc5 16. Qd2 Qb6 17. Ne2 Rfc8 18. Rfc1 {[%emt 0:04:58] Dodges Rc2} a5 19. h3 h6 20. Rxc5 Rxc5 21. Rc1 a4 22. Rxc5 Qxc5 23. Nc3 b5 24. Na2 Bf8 25. Qc3 Nf5 (25... Qxc3 $14 26. Nxc3 g5) 26. g4 $1 $16 g5 27. Bh2 Nh4 {[%emt 0:00:53][%cal Od5d4] [#]} 28. Qxc5 (28. Bg3 $1 $16) 28... Bxc5 $14 29. Bg3 Bd6 (29... d4 $1 $14) 30. Nc6 $18 Nf3+ 31. Kf1 ({Better is} 31. Kg2 $18 Ne1+ 32. Kf1 Bxg3 33. Kxe1) 31... e5 (31... Bf8 $16 {was worth a try.}) 32. Nc3 d4 $2 (32... Ne8 33. Nxb5 (33. Nxd5 e4 $16) 33... f6) 33. exd4 (33. Nxb5 $142 Bc5 34. Nxe5 Nd2+ 35. Ke2) 33... exd4 34. Nxb5 ({Don't play} 34. Bxd6 $6 dxc3 35. Ne7+ (35. bxc3 Nd5 $16) 35... Kg7 36. bxc3 Ne8 37. Nf5+ Kf6 $16) 34... Bc5 35. Ne5 Nd2+ 36. Ke2 Nb3 37. Kd1 h5 {[%emt 0:00:31] [#]} (37... Kg7 $16 38. Kc2 Na1+ 39. Kc1 Nb3+ 40. Kc2 Na1+ 41. Kd1 Nb3) 38. gxh5 $1 Nxh5 39. Nd7 f5 (39... Be7 {was necessary.} 40. Nb6 Nc5 41. Nxd4 Bf6) 40. Bb8 Kf7 41. Nxc5 Nxc5 $16 {[%emt 0:30:02][%mdl 4096] Endgame KBN-KNN} 42. Kc2 Nb3 43. Nd6+ ({White should play} 43. Be5 $16) 43... Ke6 $11 {[%emt 0:00:00] Hoping for ...Nf4. The position is equal.} 44. Nc4 Nf6 45. Nd2 Nxd2 46. Kxd2 {[%emt 0:00:00] KB-KN} Nd7 $1 47. Bc7 f4 48. Ke2 Nc5 49. Bd8 Kf5 50. Bb6 Nb3 51. Kf3 Nd2+ 52. Ke2 Nb3 53. Kf3 Nd2+ 54. Ke2 {Black escapes into a draw.   Weighted Error Value: White=0.17 (very precise) /Black=0.20 (precise)} 1/2-1/2

[Event "Israeli Team-ch 2023"]
[Site "Petah Tikva"]
[Date "2023.05.12"]
[Round "11.26"]
[White "Parkhov, Yair"]
[Black "Mesropov, Konstantin"]
[Result "0-1"]
[ECO "D23"]
[WhiteElo "2467"]
[BlackElo "2437"]
[Annotator "TA"]
[PlyCount "82"]
[EventDate "2023.01.13"]
[EventCountry "ISR"]
[SourceTitle "playchess.com"]
[Source "ChessBase"]
[SourceQuality "1"]
[TimeControl "40/5400+30:1800+30"]

1. d4 d5 2. c4 dxc4 3. Nf3 Nf6 4. Qa4+ c6 5. Qxc4 Bf5 6. g3 e6 7. Bg2 Nbd7 8. O-O Be7 9. Qb3 Qb6 10. Nbd2 {[%emt 0:00:05][%cal Bb1d2,Bd2c4,Bc4a5][%mdl 32] D23: Queen's Gambit Accepted: 3 Nf3 Nf6 sidelines.} Ne4 11. Nc4 Qxb3 12. axb3 {[%emt 0:00:06] The position is equal.} h6 (12... Nd6 $11 {remains equal.}) 13. Nfd2 {[%emt 0:10:50] [#]} Nd6 $146 ({Predecessor:} 13... Nxd2 14. Bxd2 O-O 15. Na5 Bf6 16. e4 Bg6 17. e5 Be7 18. Nxb7 Bd3 19. Rfc1 Bb5 {1-0 Efremov,V (2217)-Nikulin,I (2041) Moscow op-A 16th 2020 (9)}) 14. Na5 Rb8 {[%emt 0:00:30] [#]} (14... Nb5 $14) 15. Ndc4 $1 $16 Nxc4 16. bxc4 O-O 17. e4 Bh7 (17... Bg6 $16) 18. Bf4 $18 e5 19. dxe5 (19. Bxe5 $6 Nxe5 20. dxe5 f6 $14) 19... Nc5 {[%emt 0:00:30][%cal Bd7c5,Bc5d3,Bd3f2][%mdl 32] [#]} 20. e6 $1 Rbe8 (20... Ra8 21. exf7+) 21. exf7+ Rxf7 22. f3 Nd3 23. Be3 Bf6 24. Bxa7 (24. Ra3 $16 Nxb2 25. Bxa7) 24... c5 $1 $11 25. Bh3 Bd4+ 26. Kh1 Nf2+ 27. Kg2 Rxf3 {[%emt 0:00:30][%mdl 64] Decoy} 28. Bf5 (28. Kxf3 Bxe4+ 29. Ke2 Bd3+ 30. Kf3 Rf8+) 28... Bxf5 29. exf5 Rxf5 {[%emt 0:00:30] aiming for ...Re2.} 30. Nxb7 $2 (30. Nb3 $11 Bxb2 31. Rae1 Rxe1 32. Rxe1) 30... Re2 $1 $19 (30... Bxb2 $2 31. Nd6 (31. Rxf2 $2 Rxf2+ 32. Kxf2 Bxa1 $19) 31... Rff8 32. Nxe8 Bxa1 33. Rxa1 $18) 31. Rae1 Rxb2 32. Re8+ Kh7 33. Bxc5 Ne4+ (33... Ng4+ $142 34. Kh3 h5 35. Rh8+ Kxh8 36. Rh1 Nf2+ 37. Kg2 Nxh1+ 38. Kh3 Nf2+ 39. Kg2 Ng4+ {[%mdl 64] Discovered Attack} 40. Kh3 Rxh2#) 34. Kh3 {[%emt 0:00:30] Black is clearly winning.} Rh5+ (34... Nxc5 35. Rxf5 Nxb7 36. Rb5 $11) ({Inferior is} 34... Rxc5 35. Rxe4 Rxc4 36. Nd6 $11) 35. Kg4 Rg5+ ({Weaker is} 35... Bxc5 36. Kxh5 Nf6+ 37. Rxf6 Rxh2+ 38. Kg4 h5+ 39. Kg5 gxf6+ 40. Kxf6 $14) ({Stronger than} 35... Rxc5 36. Nxc5 Nxc5 37. Rd8 $17) 36. Kh3 Nxc5 37. Nxc5 Bxc5 38. Rc8 Rc2 39. Re1 Rh5+ {[%emt 0:00:30][%mdl 64] Skewer} 40. Kg4 Rxc4+ 41. Kf3 Rxh2 {[%emt 0:30:30] What a bad dream for White.   Weighted Error Value: White=0.79/Black=0.28 (precise)} 0-1

[Event "Israeli Team-ch 2023"]
[Site "Petah Tikva"]
[Date "2023.05.12"]
[Round "11.27"]
[White "Ben Ari, Yannay"]
[Black "Gorodetzky, Matan"]
[Result "1/2-1/2"]
[ECO "E01"]
[WhiteElo "2406"]
[BlackElo "2333"]
[Annotator "TA"]
[PlyCount "93"]
[EventDate "2023.01.13"]
[EventCountry "ISR"]
[SourceTitle "playchess.com"]
[Source "ChessBase"]
[SourceQuality "1"]
[TimeControl "40/5400+30:1800+30"]

1. d4 d5 2. c4 e6 3. Nf3 Nf6 4. g3 c5 5. Bg2 cxd4 6. O-O {[%emt 0:04:49] E01: Catalan: Early deviations.} Bc5 7. Nxd4 O-O 8. cxd5 {[%emt 0:07:41] White is slightly better.} (8. Nb3 $5 Bb6 9. Nc3 $14) 8... exd5 9. Nc3 Nc6 10. Nxc6 bxc6 11. Na4 Bb6 12. Qc2 Ba6 13. Re1 Re8 {[%emt 0:00:46] [#]} 14. b3 $146 ({Predecessor:} 14. Bf3 Rc8 15. b3 Ne4 16. Nxb6 axb6 17. Bb2 Qe7 18. Rad1 Qe6 19. Bg2 Qf5 20. f3 {0-1 Sarana,A (2662)-Bacallao Alonso,Y (2590) Santiago de Compostela Bicapawn GP B2 blitz 2022 (5)}) 14... Ng4 15. Nxb6 Qxb6 16. e3 $1 Re6 (16... d4 $1 $11 {remains equal.}) 17. Bb2 $16 Rae8 18. Qc3 {[%csl Gb2][%cal Rc3g7] [#]} f6 19. Rad1 h5 20. Rd4 Bc8 21. Ba3 Re5 (21... Ne5 $16 {was worth a try.} 22. Rc1 Ng4) 22. h3 Nh6 23. Ra4 a6 24. Bc5 Qc7 25. Bd4 $36 {[%emt 0:00:30][%mdl 2048] White is on the roll. A strong pair of Bishops.} Re4 (25... Rg5 $142 26. h4 Rf5) 26. Rc1 $18 Qf7 27. Qxc6 h4 (27... Bb7 {keeps fighting.}) 28. Bxe4 dxe4 29. g4 ({Not} 29. gxh4 Bxh3 30. Qc4 (30. Qxa6 $2 {gets mated.} Qg6+ 31. Kh2 Qg2#) 30... Be6 31. Qxa6 Nf5 $18) 29... Qg6 30. Qd5+ Kh7 31. Qh5 Qxh5 32. gxh5 Bxh3 33. Rc7 Re6 34. Rb4 {[%emt 0:00:30] a4 would be deadly.} Nf5 35. Rbb7 (35. Rbc4 $18) 35... Kh6 36. Kh2 (36. a4 $16) 36... Bg4 $14 37. b4 (37. Bc3 $14) 37... Bxh5 (37... Nxd4 $1 $11 38. exd4 e3 39. fxe3 (39. Rxg7 $2 {loses.} e2 $19) 39... Rxe3 40. Rxg7 f5 41. Rg6+ Kxh5 42. Rxa6 Kg5) 38. Bc5 {[%emt 0:00:30] White is more active.} Kg5 (38... Re8 $16) 39. Rxg7+ $2 (39. a4 $18) 39... Nxg7 $11 {[%emt 0:00:30] The position is equal.} 40. Rxg7+ $18 {[%emt 0:00:30][%mdl 4096] Endgame KRB-KRB} Kf5 41. Kh3 Bf3 42. Rh7 Re8 43. Rg7 Rd8 {[%emt 0:00:30] [#] Hoping for ...Rd1.} 44. Bd4 Rc8 45. Bc5 Rd8 {[%emt 0:00:30] Strongly threatening ...Rd1.} 46. Bd4 Rc8 {[%emt 0:00:30] White must now prevent ...Rc1.} 47. Bc5 {[%emt 0:00:30] Black escapes into a draw.   Weighted Error Value: White=0.23 (precise) /Black=0.24 (precise)} 1/2-1/2

[Event "Israeli Team-ch 2023"]
[Site "Petah Tikva"]
[Date "2023.05.12"]
[Round "11.28"]
[White "Bitensky, Igor"]
[Black "Bakalchuk, Johnatan"]
[Result "1-0"]
[ECO "B22"]
[WhiteElo "2370"]
[BlackElo "2442"]
[Annotator "TA"]
[PlyCount "91"]
[EventDate "2023.01.13"]
[EventCountry "ISR"]
[SourceTitle "playchess.com"]
[Source "ChessBase"]
[SourceQuality "1"]
[TimeControl "40/5400+30:1800+30"]

1. e4 c5 2. Nf3 g6 3. Bc4 Bg7 4. c3 d6 5. d4 cxd4 6. cxd4 Nf6 7. Nc3 O-O 8. Bb3 Nc6 {[%emt 0:02:41] B22: Sicilian: 2 c3.} 9. h3 {[%emt 0:03:04] Prevents Bg4} b5 10. O-O (10. Nxb5 Nxe4 11. O-O Ba6 $15) 10... b4 {[%emt 0:02:02] White has an edge.} 11. Nd5 Nxd5 12. Bxd5 ({Of course not} 12. exd5 Na5 $11) 12... Bb7 {[%emt 0:00:19] [#]} 13. a3 $146 ({Predecessor:} 13. Be3 Rc8 14. Qa4 e6 15. Bb3 Na5 16. Nd2 d5 17. Rfc1 Nxb3 18. axb3 Rxc1+ 19. Rxc1 dxe4 20. Qxa7 {0-1 Van Foreest,J (2701)-Carlsen,M (2847) Carlsen Inv Prelim rapid 2021 (1)}) 13... e6 14. Ba2 bxa3 15. bxa3 Na5 16. Re1 d5 17. e5 (17. Bg5 $5 Qd6 18. Bd2 dxe4 19. Bb4 $11) 17... Qd7 18. Nh2 Rfc8 19. Ng4 Qe7 20. Qf3 Rc2 21. Nf6+ Bxf6 (21... Kh8 $1 $14) 22. exf6 $16 Qf8 (22... Qd8 $16 {was necessary.}) 23. Qd3 (23. h4 $1 $18) 23... Rac8 $14 24. Bd2 {Prevents R8c3.} Qd8 25. Re2 ({White should try} 25. Bb4 $1 $14) 25... R2c6 $11 26. Qf3 Ba6 {Black is weak on the dark squares} ({Better is} 26... Nc4 $1 $11) 27. Ree1 $14 Rc2 28. Bb4 (28. Qf4 $14 Kh8 29. Bxd5) 28... Nc6 $132 {[%mdl 2048] Black is not holding back} 29. Qf4 {[%cal Oa2d5] And now Bxd5! would win.} Nxb4 30. axb4 {[%cal Oa2d5] aiming for Bxd5!} Bb5 (30... Re2 $11 {remains equal.}) 31. Bb1 $16 R2c7 {[#]} 32. h4 $1 {[%cal Bh3h4,Bh4h5][%mdl 32] White has more active pieces.} Kh8 (32... Qf8 $16) 33. Ra3 $18 Qf8 34. Qd2 a6 {[#]} (34... Kg8 $142) 35. h5 $1 Rc4 (35... gxh5 $2 36. Rg3 $18) (35... Kg8 36. Rf3) 36. Rh3 Kg8 $2 (36... Be8 37. Bd3 Rxb4 38. hxg6 {[%mdl 64] Deflection} (38. Bxa6 Ra8 $16) 38... fxg6 39. Rxe6 (39. Bxa6 Rcb8 $16) 39... Bf7) 37. hxg6 fxg6 38. Qg5 $2 (38. Bxg6 {[%cal Od2g5] White threatens Qg5! and mate.} Qxf6 39. Bxh7+ Kg7 40. Rf3 Qxf3 41. gxf3 Kxh7 42. Rxe6 Rg8+ 43. Kh2) 38... Be8 (38... Qf7 $2 39. Rxe6 Rc1+ 40. Kh2 Qc7+ 41. f4 $18) 39. Ba2 $2 (39. Rxe6 $2 {perishes.} Rc1+ 40. Kh2 Rxb1 $17) (39. Bd3 $18) 39... Rxd4 $2 {[%mdl 8192] Black cannot hold the game after this.} (39... Rc2 $16 {is more resistant.}) 40. Rxe6 {[%cal Be1e6,Be6e7,Be7f7][%mdl 32] White is clearly winning.} Bf7 41. Re7 ({Weaker is} 41. Rxa6 Rb8 42. Bb3 Rdxb4 $16) 41... Rd8 (41... Rd1+ $142 42. Kh2 Rd4) 42. Bb3 {Strongly threatening f4.} Rc8 43. Kh2 Rc6 44. f4 {[%cal Ob4b5] Black must now prevent b5!} Rc1 45. Qe5 Re4 {[#]} 46. Rxf7 $1 {[%emt 0:00:00][%mdl 576] Remove Defender, Double Attack. A cool game by Bitensky.   Weighted Error Value: White=0.26 (precise) /Black=0.48} 1-0

[Event "Israeli Team-ch 2023"]
[Site "Petah Tikva"]
[Date "2023.05.12"]
[Round "11.29"]
[White "Mordechai, Hanan"]
[Black "Katkov, Michelle"]
[Result "1-0"]
[ECO "A07"]
[WhiteElo "2353"]
[BlackElo "2220"]
[Annotator "TA"]
[PlyCount "129"]
[EventDate "2023.01.13"]
[EventCountry "ISR"]
[SourceTitle "playchess.com"]
[Source "ChessBase"]
[SourceQuality "1"]
[TimeControl "40/5400+30:1800+30"]

1. Nf3 Nf6 2. g3 d5 3. Bg2 c6 4. O-O Bg4 5. h3 Bh5 6. d3 Nbd7 7. Qe1 {[%emt 0:00:13] A07: Réti Opening: New York and Capablanca Systems.} e5 8. e4 dxe4 9. dxe4 {[%emt 0:00:01] The position is equal.} Bc5 10. a4 a5 11. Na3 O-O 12. Nc4 Qc7 13. Bd2 b6 14. Nh4 Rfe8 15. Kh2 Bg6 {[%emt 0:04:26] [#]} 16. f3 $146 ({Predecessor:} 16. Nxg6 hxg6 17. Qe2 Bb4 18. Bg5 Bf8 19. Rad1 Nc5 20. Bxf6 gxf6 21. b3 Rad8 22. h4 Rxd1 23. Rxd1 {0-1 Postny,E (2600)-Moskalenko,A (2515) Titled Tuesday intern op 29th Sept blitz 2020 (10)}) 16... Nf8 17. Be3 Ne6 18. Bxc5 Nxc5 19. Qe3 Nfd7 20. Rfd1 Nf8 (20... Red8 $11) 21. Qc3 Nfd7 22. b3 Red8 23. Rd2 Ne6 ({Black should try} 23... Rab8 $14) 24. Rad1 $1 $18 Nec5 25. Rd6 (25. Nd6 $18) 25... Re8 26. Qd2 Nf8 27. Nxg6 hxg6 28. Qc3 Nfd7 (28... g5 $11) 29. h4 $16 b5 30. Ne3 {[%emt 0:07:44] Black must now prevent axb5.} bxa4 (30... b4 $16 31. Qc4 Re6) 31. Bh3 $18 Red8 {[%emt 0:00:30] Black is weak on the light squares} (31... Rad8 $142 32. Bxd7 Nxd7) 32. bxa4 (32. Bxd7 $6 Nxd7 33. Rxc6 (33. Qxc6 Qxc6 34. Rxc6 axb3 $14) 33... Qb8 34. bxa4 Nf6 35. Rxd8+ Qxd8 $18) (32. h5 $18 {and White stays clearly on top.}) 32... Nxa4 $16 33. Qd2 {[%emt 0:04:07] White has more active pieces.} (33. Rxd7 $2 Nxc3 34. Rxc7 Nxd1 $19) (33. Qxc6 $16 Qxc6 34. Rxc6) 33... Nb2 $1 $11 34. Rb1 (34. Rxd7 $2 Nxd1 35. Qxd1 Rxd7 36. Qxd7 (36. Bxd7 $2 {loses.} Rd8 $19) 36... Qxd7 37. Bxd7 a4 38. Bxc6 a3 $19) (34. Ra1 $1 $11 {remains equal.} Nb6 35. Rxd8+ Rxd8 36. Qxa5) 34... Nc5 $17 35. Rxd8+ Rxd8 36. Qc3 Nba4 37. Qc4 (37. Qe1 $15) 37... Rd4 $19 38. Qf1 Rd2+ 39. Bg2 Nc3 $36 {[%emt 0:01:09][%mdl 2048] Black is in control. A dynamic duo of knights.} 40. Ra1 (40. Rc1 $17 Rd4 41. Ra1) 40... Rd4 (40... a4 $19 41. Qc4 Qa5) 41. h5 {[%emt 0:06:40][%mdl 64] Deflection} gxh5 42. Nf5 (42. Qe1 $142 N5a4 43. Kh1) 42... Ra4 43. Rc1 $2 (43. Qe1 {was worth a try.} Nb5 44. Rxa4 Nxa4 45. Qe3) 43... Rb4 44. Qe1 Nb5 45. Qd2 Ne6 {[%emt 0:01:31] Prevents Qg5} 46. c3 Rb3 47. Bf1 Qd8 48. Qxd8+ Nxd8 49. Rd1 Ne6 ({Much less strong is} 49... Nxc3 50. Rxd8+ Kh7 51. Rd7 $18) 50. Ne7+ Kf8 51. Nxc6 Nxc3 (51... Rb2+ $19 52. Kh1 a4 53. Bxb5 Rxb5) 52. Rd7 $17 Rb2+ 53. Kg1 {[%emt 0:00:37] [#]} (53. Kh1 $17 {was called for.}) 53... a4 (53... f6 $1 $19 {...a4 would be deadly.} 54. Ra7 Rb1 55. Ra8+ Kf7) 54. Ra7 $15 Kg8 {[%emt 0:00:56] Threatens to win with ...Kh7.} 55. Nxe5 Ng5 56. Bc4 Kh7 {[%emt 0:01:54] aiming for ...f6.} 57. Bxf7 Nxf7 (57... Nh3+ $1 $15 {is superior.} 58. Kf1 Rf2+ 59. Ke1 Re2+ 60. Kf1 Rf2+ 61. Ke1 Re2+ 62. Kf1 Rf2+) 58. Nxf7 {[%emt 0:00:06][%mdl 4096] Endgame KRN-KRN} Rb3 59. Ng5+ Kg6 60. Ne6 a3 {[%emt 0:00:11] Hoping for ...a2.} 61. Nf8+ $1 Kf6 $1 62. Nd7+ Kg5 63. Kg2 $1 a2 {[%emt 0:00:18] Strongly threatening ...Rb1.} 64. Ra6 {[%emt 0:00:36] Intending f4+ and mate.} g6 $2 {[%emt 0:01:13][%mdl 8192] [#]} (64... h4 $11 65. f4+ Kh5) 65. Nf8 $1 {[%emt 0:00:14] A wild game.   Weighted Error Value: White=0.26 (precise) /Black=0.36} 1-0

[Event "Israeli Team-ch 2023"]
[Site "Petah Tikva"]
[Date "2023.05.12"]
[Round "11.30"]
[White "Stolyarsky, Yegor"]
[Black "Karp, Ilya"]
[Result "1/2-1/2"]
[ECO "E62"]
[WhiteElo "2051"]
[BlackElo "2392"]
[Annotator "TA"]
[PlyCount "88"]
[EventDate "2023.01.13"]
[EventCountry "ISR"]
[SourceTitle "playchess.com"]
[Source "ChessBase"]
[SourceQuality "1"]
[TimeControl "40/5400+30:1800+30"]

1. d4 Nf6 2. c4 g6 3. Nf3 Bg7 4. g3 O-O 5. Bg2 d6 6. O-O Nc6 7. Nc3 e5 8. dxe5 dxe5 9. Bg5 h6 10. Qxd8 Rxd8 11. Bxf6 {[%emt 0:00:47] E62: King's Indian: Fianchetto: 6...c6 and Panno Variation (6...Nc6) without ...a6.} Bxf6 12. Nd5 Kg7 13. Nxc7 {[%emt 0:11:34] White is slightly better.} Rb8 14. e4 Be7 15. Nd5 Bc5 16. a3 a5 17. b4 {[%mdl 64] Deflection} axb4 18. axb4 Nxb4 19. Nxe5 {[%emt 0:08:41] [#]} f6 $146 (19... Bd4 $11 {keeps the balance.} 20. Nxb4 Bxe5) ({Predecessor:} 19... Bd4 20. Nxb4 Bxe5 21. Rab1 Be6 22. Nd5 Rdc8 23. Rfc1 Rc5 24. Bf1 Ra5 25. Rc2 Rba8 26. Rxb7 {½-½ Strybuk,A (2263)-Matinian,N (2460) Cheliabinsk Variation-A 2022 (1)}) 20. Nf3 {[%emt 0:00:30] White is more active.} Nd3 21. Ra2 (21. Rad1 $5 Ne5 22. Nd2 $14 (22. Nxe5 fxe5 23. Kh1 Ra8 $14)) 21... Rd6 ({Black should play} 21... b5 $14) 22. Rd2 (22. Rb1 $16) 22... Ne5 $14 23. Nxe5 fxe5 24. h4 Ra8 25. Kh2 Ra4 26. Rc2 g5 27. f4 gxf4 28. gxf4 exf4 29. e5 Rg6 30. Bf3 Bf5 {[%emt 0:00:30][%mdl 64] Deflection} 31. Rb2 Rxc4 32. Rxb7+ Kf8 33. Rb8+ Kf7 $2 {[%emt 0:00:30] [#]} (33... Kg7 $11 {and Black is okay.}) 34. Nxf4 $1 $18 {[%emt 0:00:30][%mdl 576] White threatens Bd5+ and mate. Clearance} Rc2+ 35. Ng2 $2 ({White must play} 35. Kh1 $18 Rb6 36. e6+ Rxe6 37. Nxe6 Bxe6 38. Bd5+ Rf2 39. Rxf2+ Bxf2 40. Bxe6+ Kxe6 41. Re8+ Kf7 42. Re4) 35... Ke6 $11 36. Re8+ Kd7 37. Rb8 Kc7 38. Rb7+ Kc8 39. Rf7 Be6 {[%emt 0:00:30] This pair of bishops is nice.} 40. Rf6 Rxf6 {[%emt 0:00:30] The position is equal.} 41. exf6 Kd7 42. Kg3 Bd6+ 43. Nf4 Rc8 {[%emt 0:00:30] Hoping for ...Rg8+.} 44. Bh5 Rf8 {[%emt 0:00:30] Weighted Error Value: White=0.15 (very precise) /Black=0.15 (very precise)} 1/2-1/2

[Event "Israeli Team-ch 2023"]
[Site "Petah Tikva"]
[Date "2023.05.12"]
[Round "11.31"]
[White "Sokolovsky, Yahli"]
[Black "Yaniv, Yuval"]
[Result "1-0"]
[ECO "C84"]
[WhiteElo "2431"]
[BlackElo "2366"]
[Annotator "TA"]
[PlyCount "83"]
[EventDate "2023.01.13"]
[EventCountry "ISR"]
[SourceTitle "playchess.com"]
[Source "ChessBase"]
[SourceQuality "1"]
[TimeControl "40/5400+30:1800+30"]

1. e4 e5 2. Nf3 Nc6 3. Bb5 a6 4. Ba4 Nf6 5. O-O Be7 6. d3 b5 7. Bb3 d6 8. Bd2 {[%emt 0:03:52] 8.c3 is the modern continuation. C84: Closed Ruy Lopez: Unusual White 6th moves.} Bg4 9. c3 {[%emt 0:03:07] Wards off Nd4} Na5 10. Bc2 {[%emt 0:00:44] The position is equal.} c5 11. h3 Bh5 12. Re1 O-O 13. Bc1 Qc7 14. Nbd2 Rad8 15. Qe2 Rfe8 16. Nf1 d5 17. Ng3 Bg6 18. Nh4 {[%emt 0:02:18] [#]} dxe4 $146 ({Predecessor:} 18... d4 19. Nhf5 Bf8 20. Bg5 Re6 21. cxd4 exd4 22. Rad1 h6 23. Bxf6 Rxf6 24. Qg4 Nc6 {0-1 Nihal,S (2670)-Ding,L (2811) Speed Chess Chess.com INT blitz 2022 (2.14)}) 19. dxe4 c4 20. Ngf5 Bf8 21. Bg5 Re6 22. Red1 Rb8 (22... Rxd1+ $14 23. Rxd1 Bc5) 23. Rd2 b4 24. Rad1 b3 25. axb3 Nxb3 26. Bxb3 cxb3 27. Bxf6 Rxf6 28. Rd7 Qb6 29. Qc4 {[%emt 0:00:30] White has more active pieces.} (29. Nxg6 $142 hxg6 30. Ne3) 29... Qb5 $2 {[%emt 0:00:30] [#] This costs Black the game.} (29... Rc6 $16 {is a better defense.} 30. Qd3 Re6) 30. Qc7 $1 $18 {[%emt 0:00:30] Intending Rd8 and mate.} Bxf5 31. Nxf5 {[%emt 0:00:30] White threatens Rd8 and mate.} g6 $2 (31... Qb6 32. Qxe5 Rc8) 32. Rd8 {[%emt 0:00:30] Threatening mate with Qe7.} Rxd8 33. Rxd8 {[%emt 0:00:30] White mates.} ({Less strong is} 33. Qxd8 Qb6 34. Ne3 Kg7 $16) 33... gxf5 34. Qe7 Kg7 35. Qxf8+ {[%emt 0:00:30] KQR-KQR} Kg6 36. Qg8+ Kh6 37. h4 Rg6 38. Qf8+ Kh5 39. Qxf7 Kxh4 40. Qxh7+ Kg5 41. exf5 {[%emt 0:30:30][%mdl 64] [#] Remove Defender} Kxf5 42. Qh5+ {[%emt 0:00:30][%mdl 64] Decoy.   Weighted Error Value: White=0.07 (flawless) /Black=0.32} 1-0

[Event "Israeli Team-ch 2023"]
[Site "Petah Tikva"]
[Date "2023.05.12"]
[Round "11.32"]
[White "Poleg, Matan"]
[Black "Dvoirys, Semen I."]
[Result "0-1"]
[ECO "B86"]
[WhiteElo "2272"]
[BlackElo "2465"]
[Annotator "TA"]
[PlyCount "94"]
[EventDate "2023.01.13"]
[EventCountry "ISR"]
[SourceTitle "playchess.com"]
[Source "ChessBase"]
[SourceQuality "1"]
[TimeControl "40/5400+30:1800+30"]

1. e4 {[%emt 0:01:36] Atlas,Valeri} c5 2. Nf3 d6 3. d4 cxd4 4. Nxd4 Nf6 5. Nc3 a6 6. Bc4 e6 7. Bb3 Nbd7 8. Be3 Nc5 9. f3 b5 {[%emt 0:03:27] B86: Sicilian Scheveningen/Najdorf: 6 Bc4, without early ...b5.} 10. a3 Nxb3 11. cxb3 Bb7 {[%emt 0:21:12] The position is equal.} 12. Qd2 Be7 {[%emt 0:07:28] [#]} 13. O-O-O $146 (13. b4 $11) ({Predecessor:} 13. O-O O-O 14. b4 Rc8 15. Nb3 Nd7 16. Na5 Ba8 17. Rfd1 f5 18. exf5 Rxf5 19. Ne2 {0-1 Leyva Proenza,R (2400)-Vera Gonzalez Quevedo,R (2534) CUB-ch Las Tunas 2001 (17)}) 13... d5 $15 14. e5 Nd7 15. f4 b4 16. axb4 Bxb4 17. f5 Nxe5 18. fxe6 O-O 19. Nc2 a5 20. Qd4 Nc6 (20... Qd6 $17 21. Nxd5 Qxe6) 21. exf7+ $11 Rxf7 22. Qxd5 Qf6 (22... Qe8 $11) 23. Ne4 $2 {[%emt 0:00:30] [#]} (23. Rhf1 $14 {keeps the upper hand.} Ne5 24. Qb5) 23... Qg6 $1 $17 24. Ng5 {[%emt 0:00:30][%mdl 64] [#] Pin} Ne5 {[%emt 0:00:30][%mdl 512] Dancing on a razor blade.} 25. Qe6 Qxe6 26. Nxe6 Bxg2 {[%emt 0:00:30] A strong pair of Bishops.} 27. Rhg1 Be4 {[%emt 0:00:30] Hoping for ...Rc8.} 28. Bd4 $2 {[%emt 0:00:30][%mdl 8192] White does not recover from this.} ({White must play} 28. Ng5 $15 Bxc2 29. Kxc2) 28... Nf3 $19 29. Rg3 Nxd4 (29... Nxh2 30. Ng5 Nf1 31. Rg1 Bxc2 32. Nxf7 Bxd1 33. Rxg7+ Kf8 34. Ng5 (34. Kxd1 Ne3+ 35. Kc1 Nf5 $17) 34... Bxb3 35. Nxh7+ Ke8 36. Nf6+ Kf8 37. Nh7+ Ke8 38. Nf6+ Kf8 39. Nh7+ $11) 30. Rxd4 {[%emt 0:00:30] [#]} (30. Nexd4 $142 Bd6 31. Rc3) 30... Rc8 $1 31. Rc3 Rf1+ ({Not} 31... Rxc3 32. bxc3 Rf1+ 33. Kd2 (33. Kb2 Bxc2 34. cxb4 Bf5 $11) 33... Bxc2 34. cxb4 (34. Kxc2 Be7 $11) 34... Rf2+ 35. Ke3 Rxh2 36. bxa5 Bxb3 37. Nc5 $11) 32. Kd2 {[%emt 0:00:30][%cal Oc2b4] Black must now prevent Nxb4!} Bxc3+ 33. bxc3 Bxc2 34. Kxc2 {[%emt 0:00:30][%mdl 4096] Endgame KRR-KRN} Rf2+ 35. Rd2 Rxd2+ 36. Kxd2 {[%emt 0:00:30] KR-KN} Kf7 37. Nd4 g5 38. c4 Kf6 39. Ke3 g4 40. Kf4 h5 {[%emt 0:00:30] Black mates.} 41. Ke4 {[%emt 0:30:30] [#]} a4 $1 {[%emt 0:30:30][%mdl 64] Deflection} 42. bxa4 (42. Ke3 a3) 42... Rxc4 43. a5 Ra4 44. a6 Rxa6 45. Ne2 Re6+ 46. Kd3 Kg5 47. Nd4 Re1 {[%emt 0:00:30] An entertaining game by Dvoirys.   Weighted Error Value: White=0.71/Black=0.09 (flawless)} 0-1